AoeStats
← ImZeussX

Arena

506456049Analyzed
4v4 RM · 20d ago on Sep 13, 2026· 41m 11s· 8 players
Game mode
Random Map
Map size
Large (8 player)
Population
200
Speed
Normal
Resources
Standard
Victory
Conquest
Starting age
Dark Age
Ending age
Imperial Age
RankedLock teamsTeams togetherTeam positionsShared explorationLock speedFull tech treeHidden civsTurbo modeCheats
Victory
Defeat
🇨🇦 Persians · Canada
833
+17
🇨🇱 Armenians · Chile
822
+17
🇪🇸 Bohemians · Spain
819
+17
🇮🇶 Huns · Iraq
819
+17
🇱🇻 Saracens · Latvia
940
-22
🇹🇷 Mongols · Türkiye
854
-17
🇹🇷 Teutons · Türkiye
797
-15
🇩🇪 Huns · Germany
781
-14
Drolsorcen
10:20 Feudal Age
17:55 Castle Age
17:58 Loom
20:14 Horse Collar
20:21 Double-Bit Axe
21:59 Gold Mining
26:56 Scale Barding Armor
29:13 Wheelbarrow
31:40 Kamandaran
31:45 Padded Archer Armor
31:35 Fletching
32:22 Crossbowman
33:08 Thumb Ring
41:04 Imperial Age
Aboardable
8:44 Loom
10:56 Feudal Age
11:22 Horse Collar
14:52 Loom
19:26 Castle Age
20:46 Double-Bit Axe
22:11 Bow Saw
22:45 Squires
25:27 Wheelbarrow
24:39 Town Watch
25:38 Town Patrol
29:24 Hand Cart
29:11 Town Patrol
33:46 Imperial Age
33:16 Chemistry
32:38 Ballistics
33:50 Houfnice
36:37 Conscription
ahmadziad777
0:47 Loom
11:43 Feudal Age
13:48 Wheelbarrow
12:57 Horse Collar
13:05 Double-Bit Axe
22:02 Castle Age
20:31 Forging
20:27 Scale Barding Armor
21:10 Bloodlines
21:07 Stone Mining
21:10 Gold Mining
22:46 Husbandry
23:05 Heavy Plow
23:46 Light Cavalry
24:51 Bow Saw
29:46 Iron Casting
31:36 Marauders
32:12 Chain Barding Armor
36:57 Gold Shaft Mining
37:13 Hand Cart
41:25 Imperial Age
¿Adriixx?
15:44 Feudal Age
17:47 Wheelbarrow
17:16 Man-at-Arms
20:51 Arson
20:29 Long Swordsman
21:24 Forging
21:40 Scale Mail Armor
24:40 Castle Age
23:09 Fletching
23:23 Padded Archer Armor
25:41 Hand Cart
25:40 Two-Handed Swordsman
26:23 Squires
27:00 Iron Casting
26:42 Chain Mail Armor
28:26 Double-Bit Axe
28:23 Horse Collar
28:06 Champion
28:33 Gambesons
29:55 Gold Mining
30:00 Stone Mining
30:24 Bow Saw
33:50 Gold Shaft Mining
38:53 Imperial Age
36:40 Heavy Plow
37:34 Ballistics
37:26 Masonry
39:28 Capped Ram
41:14 Chemistry
41:44 Blast Furnace
41:15 Plate Mail Armor
Janko_22
2:06 Loom
11:45 Feudal Age
13:45 Double-Bit Axe
13:43 Horse Collar
17:45 Town Watch
29:29 Castle Age
28:06 Wheelbarrow
Fatih
12:48 Feudal Age
14:27 Wheelbarrow
14:05 Double-Bit Axe
16:56 Castle Age
14:41 Horse Collar
17:53 Heavy Plow
18:23 Bow Saw
22:50 Stone Mining
23:31 Gold Mining
24:19 Stone Shaft Mining
25:43 Gold Shaft Mining
26:07 Hand Cart
25:37 Loom
25:38 Town Watch
28:43 Fortified Wall
28:44 Masonry
28:55 Ballistics
28:49 Scale Barding Armor
28:54 Forging
28:46 Padded Archer Armor
28:37 Fletching
31:59 Imperial Age
32:35 Husbandry
32:45 Bloodlines
33:25 Iron Casting
33:10 Chain Barding Armor
32:46 Bodkin Arrow
33:06 Leather Archer Armor
32:19 Heavy Scorpion
33:13 Siege Engineers
34:09 Chemistry
34:13 Drill
33:56 Nomads
33:17 Elite Mangudai
34:33 Hoardings
34:19 Conscription
35:08 Fervor
36:43 Bracer
37:43 Blast Furnace
36:09 Heavy Camel Rider
37:12 Onager
40:20 Siege Onager
ImZeussX
0:50 Loom
12:55 Feudal Age
13:25 Horse Collar
13:34 Double-Bit Axe
15:48 Wheelbarrow
15:13 Gold Mining
15:17 Stone Mining
20:09 Castle Age
18:30 Scale Barding Armor
21:30 Bow Saw
22:28 Heavy Plow
25:06 Chain Barding Armor
24:47 Scale Mail Armor
24:58 Forging
27:01 Hand Cart
AjeziSajirava
1:25 Loom
6:55 Loom
8:28 Loom
10:23 Feudal Age
9:56 Loom
14:25 Castle Age
14:00 Double-Bit Axe
13:57 Horse Collar
22:43 Crossbowman
25:17 Heavy Plow
25:55 Fletching
28:29 Thumb Ring
28:57 Bow Saw
28:46 Bodkin Arrow
28:52 Padded Archer Armor
28:53 Scale Mail Armor
29:02 Scale Barding Armor
31:52 Imperial Age
30:22 Leather Archer Armor
32:58 Conscription
32:43 Bracer
Connection lost

Rejoining the realm…

Still unreachable

The connection could not be restored.

Session expired

The server has moved on; the page needs a fresh start.